 Dungeon Crawl Stone Soup version 0.31-a0-801-gc67433417a (webtiles) character file.

Game seed: 18285313371304651508

25675 Ivernyr the Cruncher (level 13, -6/106 HPs)
             Began as a Formicid Fighter on Sept 20, 2023.
             Was an Elder of Wu Jian.
             Killed by divine providence
             ... invoked by an orc priest
              (12 damage)
             ... on level 2 of the Orcish Mines.
             The game lasted 00:59:10 (17133 turns).

Ivernyr the Cruncher (Formicid Fighter)            Turns: 17133, Time: 00:59:12

Health: -6/106     AC: 25    Str: 25      XL:     13   Next: 52%
Magic:  13/13      EV: 17    Int:  8 (9)  God:    Wu Jian [****..]
Gold:   279        SH:  7    Dex: 13      Spells: 12/12 levels left

rFire   + + .        a - +1 quarterstaff
rCold   + . .        c - +0 buckler
rNeg    . . .        g - +5 plate armour of the Ditch-Digger {rElec rF+ Regen+ Slay+3}
rPois   +            (helmet unavailable)
rElec   +            l - +1 cloak {rCorr}
rCorr   +            F - +0 pair of gloves
SInv    +            E - +0 pair of boots {Stlth+}
Will    +....        (no amulet) Stlth
                     i - +5 ring of evasion
HPRegen 1.17/turn    r - +5 ring of evasion
MPRegen 0.13/turn

%: no passive effects
@: lethally poisoned (-6 -> -7), exhausted, resistant
A: permanent stasis, dig shafts and tunnels, antennae 3, four strong arms
a: Dig, Shaft Self, Renounce Religion, Wall Jump, Serpent's Lash


You were on level 2 of the Orcish Mines.
You worshipped Wu Jian.
Wu Jian was greatly pleased with you.
You visited 4 branches of the dungeon, and saw 15 of its levels.
You also visited: Sewer.

You collected 1486 gold pieces.
You spent 1207 gold pieces at shops.

Inventory:

Hand Weapons
 a - a +1 quarterstaff (weapon)
Armour
 c - a +0 buckler (worn)
 g - the +5 plate armour of the Ditch-Digger (worn) {rElec rF+ Regen+ Slay+3}
   (You bought it in a shop on level 2 of the Orcish Mines)

   Slay+3:    It affects your accuracy & damage with ranged weapons and melee
   (+3).
   rF+:       It protects you from fire.
   rElec:     It insulates you from electricity.
   Regen+:    It increases your rate of health regeneration.
 l - a +1 cloak of preservation (worn)
 E - a +0 pair of boots of stealth (worn)
 F - a +0 pair of gloves (worn)
Jewellery
 i - a +5 ring of evasion (left hand)
 r - a +5 ring of evasion (right hand)
 y - a ring of poison resistance
 H - a +5 ring of evasion
Wands
 f - a wand of mindburst (14)
 h - a wand of quicksilver (2)
 k - a wand of flame (3)
 A - a wand of roots (9)
 D - a wand of digging (9)
Scrolls
 e - 2 scrolls of identify
 m - a scroll of poison
 o - 3 scrolls of immolation
 s - 4 scrolls of enchant weapon
 u - 3 scrolls of fog {unknown}
 w - a scroll of silence {unknown}
 B - a scroll of fear {unknown}
 G - a scroll of revelation {unknown}
Potions
 p - 2 potions of cancellation
 q - 2 potions of resistance
 t - 2 potions of lignification {unknown}
 v - a potion of magic {unknown}
 z - a potion of enlightenment {unknown}
 C - 4 potions of brilliance


   Skills:
 + Level 11.4 Fighting
 * Level 14.1 Staves
 + Level 11.3 Armour
 + Level 13.4 Shields


You had 12 spell levels left.
You didn't know any spells.
Your spell library contained the following spells:

 Spells                   Type           Power      Damage    Failure   Level
 Cigotuvi's Dreadful Rot  Necr/Pois/Air  0%         N/A       100%        2
 Dazzling Flash           Conj/Hex       0%         N/A       100%        3
 Stone Arrow              Conj/Erth      0%         3d7       100%        3
 Tukima's Dance           Hex            0%         N/A       100%        3
 Volatile Blastmotes      Fire/Tloc      0%         2d10      100%        3
 Animate Armour           Summ/Erth      0%         N/A       100%        4
 Dispel Undead            Necr           0%         3d6       100%        4
 Passage of Golubria      Tloc           0%         N/A       100%        4
 Summon Lightning Spire   Summ/Air       0%         N/A       100%        4
 Arcjolt                  Conj/Air       0%         1d10      100%        5
 Lee's Rapid Deconstruct  Erth           0%         3d4*      100%        5
 Yara's Violent Unravell  Hex/Tmut       0%         3d3       100%        5
 Death Channel            Necr           0%         N/A       100%        6
 Plasma Beam              Fire/Air       0%         2x1d10    100%        6
 Starburst                Conj/Fire      0%         6d3       100%        6
 Lehudib's Crystal Spear  Conj/Erth      0%         10d2      100%        8
 Maxwell's Capacitive Co  Air            0%         ∞         100%        8
 Vhi's Electric Charge    Tloc/Air       Unusable   N/A       N/A         4

Dungeon Overview and Level Annotations

Branches:
Dungeon (11/15)            Temple (1/1) D:5            Lair (1/5) D:11
    Orc (2/2) D:10          Sewer (visited)
    Elf: Orc:2

Altars:
Ashenzari
Cheibriados
Dithmenos
Elyvilon
Fedhas
Gozag
Hepliaklqana
Kikubaaqudgha
Makhleb
Nemelex Xobeh
Okawaru
Qazlal
Ru
Sif Muna
Trog
Uskayaw
Vehumet
Wu Jian
Xom
Yredelemnul
Zin
The Shining One

Shops:
D:5 (   D:7 :!   D:9 =   D:10 [(   D:11 ?   Orc:2 =*

Annotations:
D:8 2 transporters, void236's ghost, novice SpEn


Innate Abilities, Weirdness & Mutations

You cannot be hasted, slowed, berserked, paralysed or teleported.
You can dig through walls and to a lower floor.
You have a pair of large antennae on your head. (SInv)
Your four strong arms can wield two-handed weapons with a shield.


Message History

You closely miss the sixfirhy.
The sixfirhy is moderately wounded.
You block the sixfirhy's attack. The sixfirhy misses you.
The sixfirhy hits you!
* * * LOW HITPOINT WARNING * * *
The sixfirhy shocks you. You resist.
* * * LOW HITPOINT WARNING * * *
You hit the sixfirhy.
The sixfirhy is moderately wounded.
Unknown command.
It was a potion of haste.
Your stasis prevents you from being hasted.
You carefully extract the barbed spikes from your body.
The orc high priest mumbles some strange prayers to Beogh.
The orc warrior hits you but does no damage.
You are poisoned.
It was a potion of berserk rage.
Your stasis prevents you from going berserk.
You feel sick.
The orc high priest calls upon Beogh to heal the orc warrior.
The orc warrior is healed somewhat.
The orc warrior misses you.
The sixfirhy hits you but does no damage.
Okay, then.
The air fills with toxic fumes!
As you read the scroll labelled GUSMEC OTIS, it crumbles to dust.
It was a scroll of poison.
You feel sick. You block the sixfirhy's attack. The sixfirhy barely misses you.
You block the sixfirhy's attack. The orc warrior misses you.
The sixfirhy hits you but does no damage.
You barely miss the sixfirhy.
The sixfirhy is lightly wounded.
The sixfirhy hits you but does no damage. x2
You feel protected.
You feel sick. The sixfirhy closely misses you.
The orc high priest invokes the aid of Beogh against you.
Beogh smites you!
* * * LOW HITPOINT WARNING * * *
The orc priest mumbles some strange prayers to Beogh against you.
Beogh smites you!
You die...

#+###'###'###.###'## ###.##....
#...^..§§.#.......####..##.....
######.§§§#.##'##.##.#..##.....
#..#..§§#.#[..#.###....#....#
#..'...§§§#)[.#§# #....#..^..
#.)#.####§#####§####.#.......
####.#..#§§§§§§§...###.......
####)).(#§§§§§####.####......
+....#..#§§§@§#..#....[......
####)####§§§3§#(.'.####......
#.§§§§§§§oo#..#[#####.....
####§#####4####.#..###...♣
{+.§§.#...#§.....)..####..#
#.§..#...#o#§...#..##.#..~
#....##'##o#§...######...~ {
#.....[..§3#.§..#...###.~≈
#.##'###{###)##.#...# ##~#


You could see an orc high priest, an orange demon (summoned), a sixfirhy
(summoned), a smoke demon (summoned), an orc warrior, an orc priest and an orc
wizard.

Vanquished Creatures
  2 orc warlords (Orc:2)
  A centaur warrior (D:10)
  A death yak (D:11)
  2 two-headed ogres
  2 orc high priests (Orc:2)
  5 orc knights (Orc:2)
  5 orc sorcerers (Orc:2)
  A manticore (D:11)
  A black mamba (D:11)
  An unseen horror (D:11)
  A komodo dragon (D:11)
  A kobold demonologist (D:10)
  A polar bear (Lair:1)
  6 trolls
  A hornet (D:10)
  4 dream sheep
  Sigmund (D:2)
  A wraith (D:11)
  2 wyverns
  4 vampire mosquitoes
  2 basilisks
  2 steam dragons
  9 wargs
  33 orc warriors
  2 water moccasins
  A sky beast (D:8)
  4 ice beasts
  7 black bears
  17 ogres
  3 wolves (Lair:1)
  3 centaurs
  5 kobold brigands
  8 bullfrogs
  2 scorpions
  11 killer bees
  5 electric eels
  4 howler monkeys
  3 hounds
  20 orc priests
  3 gnoll boudas
  Crazy Yiuf (D:2)
  Jessica (D:2)
  3 iguanas
  17 orc wizards
  17 gnolls
  8 adders
  10 river rats
  2 white imps
  3 worms
  3 dart slugs
  92 orcs
  20 ball pythons
  5 bats
  9 endoplasms
  4 giant cockroaches
  7 goblins
  7 hobgoblins
  3 jackals (D:2)
  4 quokkas
  5 frilled lizards
  14 kobolds
  23 rats
445 creatures vanquished.

Notes
Turn   | Place    | Note
-------+----------+-------------------------------------------
     0 | D:1      | Ivernyr the Formicid Fighter began the quest for the Orb.
     0 | D:1      | Reached XP level 1. HP: 18/18 MP: 1/1
   175 | D:1      | Reached XP level 2. HP: 24/24 MP: 2/2
   395 | D:1      | Reached XP level 3. HP: 29/29 MP: 3/3
  1129 | D:2      | Noticed Jessica
  1135 | D:2      | Killed Jessica
  1136 | D:2      | Reached skill level 3 in Staves
  1136 | D:2      | Reached XP level 4. HP: 33/37 MP: 4/4
  1486 | D:2      | Found a runed translucent door.
  1487 | D:2      | Noticed Crazy Yiuf
  1495 | D:2      | Killed Crazy Yiuf
  1496 | D:2      | Reached XP level 5. HP: 18/42 MP: 5/5
  1633 | D:2      | Found a faded altar of an unknown god.
  1637 | D:2      | Noticed Sigmund
  1643 | D:2      | Killed Sigmund
  1644 | D:2      | Reached skill level 4 in Staves
  1644 | D:2      | Reached skill level 5 in Shields
  1644 | D:2      | Reached XP level 6. HP: 44/49 MP: 6/6
  2138 | D:3      | Reached XP level 7. HP: 55/55 MP: 7/7
  2185 | D:3      | Found an ancient bone altar of Kikubaaqudgha.
  2185 | D:3      | Found a stormy altar of Qazlal.
  2502 | D:4      | Reached skill level 5 in Staves
  2750 | D:4      | Reached skill level 5 in Fighting
  2786 | D:4      | Found a glowing drain.
  2790 | Sewer    | Entered a sewer
  2905 | Sewer    | Reached skill level 5 in Armour
  3216 | Sewer    | Reached XP level 8. HP: 25/62 MP: 8/8
  3643 | D:4      | Reached skill level 6 in Staves
  3681 | D:4      | Found a faded altar of an unknown god.
  3681 | D:4      | Found the Hermit's Pendant {Faith Invo=14 Evo=0 MP+5}
  3857 | D:5      | Entered Level 5 of the Dungeon
  3962 | D:5      | Found a hazy altar of Hepliaklqana.
  3962 | D:5      | Found a hide-covered altar of Uskayaw.
  4041 | D:5      | Found a glowing silver altar of Zin.
  4043 | D:5      | Found a radiant altar of Vehumet.
  4043 | D:5      | Found a shimmering altar of Xom.
  4045 | D:5      | Found a blossoming altar of Fedhas.
  4046 | D:5      | Found a broken altar of Ashenzari.
  4081 | D:5      | Found a snail-covered altar of Cheibriados.
  4122 | D:5      | Found Nuph's Weapon Shop.
  4338 | D:5      | Reached XP level 9. HP: 65/69 MP: 9/9
  4363 | D:5      | Found a staircase to the Ecumenical Temple.
  4552 | Temple   | Entered the Ecumenical Temple
  4560 | Temple   | Became a worshipper of the Wu Jian Council
  4682 | D:6      | Reached skill level 7 in Staves
  4903 | D:6      | Identified the +2 scale mail "Hanuib" {rC+ Will+ Int+3}
  5650 | D:7      | Found Gyfes's Book Shoppe.
  5789 | D:7      | Reached * piety under Wu Jian
  5808 | D:7      | Reached skill level 8 in Staves
  6390 | D:7      | Found a sparkling altar of Nemelex Xobeh.
  6516 | D:7      | Found Naubyn's Distillery.
  6523 | D:7      | Bought a potion of heal wounds for 65 gold pieces
  6793 | D:8      | Reached XP level 10. HP: 78/79 MP: 10/10
  6825 | D:8      | Found a transporter.
  6829 | D:8      | Noticed a catoblepas
  6831 | D:8      | Found a transporter.
  6831 | D:8      | Noticed void236's ghost (novice SpEn)
  6831 | D:8      | Noticed a gargoyle
  7309 | D:8      | Reached skill level 9 in Staves
  8099 | D:9      | Found Xepeit's Jewellery Boutique.
  8539 | D:10     | Entered Level 10 of the Dungeon
  8837 | D:9      | Reached ** piety under Wu Jian
  9016 | D:10     | Reached skill level 10 in Staves
  9201 | D:10     | Reached skill level 10 in Shields
  9201 | D:10     | Reached XP level 11. HP: 87/87 MP: 11/11
  9214 | D:10     | Noticed a two-headed ogre
  9217 | D:10     | Found Tyison's Weapon Boutique.
  9217 | D:10     | Found a staircase to the Orcish Mines.
  9225 | D:10     | Killed a two-headed ogre
  9227 | D:10     | Found Leine's Armour Boutique.
  9457 | D:10     | Noticed a centaur warrior
  9488 | D:10     | Killed a centaur warrior
  9804 | D:10     | Found a bloodstained altar of Trog.
 10077 | D:10     | Reached skill level 11 in Staves
 10136 | D:11     | Reached *** piety under Wu Jian
 10166 | D:11     | Found a staircase to the Lair.
 10450 | D:11     | Noticed a manticore
 10459 | D:11     | Killed a manticore
 10470 | D:11     | Found Xonoacof's Magic Scroll Shoppe.
 10960 | Lair:1   | Entered Level 1 of the Lair of Beasts
 11653 | Lair:1   | Reached XP level 12. HP: 31/96 MP: 12/12
 12419 | Lair:1   | Noticed a death yak
 12419 | Lair:1   | Noticed a death yak
 12419 | Lair:1   | Noticed a death yak
 12420 | Lair:1   | Noticed a death yak
 12441 | Lair:1   | Noticed a death yak
 12444 | Lair:1   | Noticed a death yak
 12485 | D:11     | Killed a death yak
 12692 | Orc:1    | Entered Level 1 of the Orcish Mines
 12705 | Orc:1    | Reached skill level 12 in Staves
 13042 | Orc:1    | Reached skill level 10 in Fighting
 13277 | Orc:2    | Entered Level 2 of the Orcish Mines
 13323 | Orc:1    | Reached skill level 10 in Armour
 13558 | Orc:2    | Noticed a two-headed ogre
 13567 | Orc:2    | Killed a two-headed ogre
 13673 | Orc:2    | Reached **** piety under Wu Jian
 13913 | Orc:2    | Noticed an orc warlord
 13959 | Orc:2    | Killed an orc warlord
 14618 | Orc:2    | Noticed an orc high priest
 14635 | Orc:2    | Killed an orc high priest
 14751 | Orc:2    | Reached skill level 13 in Staves
 15387 | Orc:1    | Reached XP level 13. HP: 74/104 MP: 13/13
 16019 | Orc:2    | Found Wuineran's Jewellery Boutique.
 16438 | Orc:2    | Found Fechoech's General Store.
 16467 | Orc:2    | HP: 5/106 [orc knight/+3 vampiric war axe (20)]
 16730 | Orc:2    | Bought the +5 plate armour of the Ditch-Digger {rElec rF+
                  | Regen+ Slay+3} for 1142 gold pieces
 16980 | Orc:2    | Noticed an orc warlord
 17019 | Orc:2    | Killed an orc warlord
 17020 | Orc:2    | Reached skill level 14 in Staves
 17133 | Orc:2    | Killed from afar by an orc priest

Illustrated notes

Levels and vault maps discovered:
D:1:      elethiomel_arrival_maze, layout_basic
D:2:      layout_basic, shapermc_ecumenical_altar_mp_urbaneastern, hex_medium,
          minmay_tromino_v4_b, uniq_crazy_yiuf_cottage, uniq_sigmund,
          uniq_jessica
D:3:      layout_rooms, gammafunk_temple_overflow_elements
D:4:      layout_loops_cross, gup_sewer_entry_spiral,
          hellmonk_guarded_unrand_hermit
D:5:      layout_rooms, grunt_temple_overflow_open,
          lemuel_coloured_pillars_altar, minmay_temple_entry_mist, serial_shops,
          shop, hangedman_decor_peaks_small, st_stairs_13, kennysheep_path_1
D:6:      layout_basic, lightli_corner_chamber
D:7:      layout_basic, nemelex_xobeh_ov_fountains_minmay, serial_shops, shop,
          kennysheep_little_box
D:8:      layout_rooms, gammafunk_ghost_arena
D:9:      layout_basic, serial_shops, shop
D:10:     layout_rooms, mainiacjoe_overflow_paths, orc_david_3,
          dreamdust_gnoll_shepherd
D:11:     layout_loops_ring, grunt_lair_entry_orc_guard_hut, serial_shops,
          nicolae_shop_just_a_little_nook, grunt_ministairs_3, st_stairs_5
Temple:   dpeg_chambers_temple
Lair:1:   layout_loops_ring, portal_ice_cave_entry_pillars_2, serial_bayou,
          serial_bayou_shore_a, serial_bayou_lagoon_a, serial_bayou_ford_a,
          serial_bayou_pond_c, serial_bayou_pond_e, serial_bayou_shore_b,
          st_stairs_9, nicolae_quartered_pool_medium
Orc:1:    cheibrodos_orc_guarddog, layout_caves, mines2_lemuel
Orc:2:    pubby_orc_utopia

Skill      XL: |  1  2  3  4  5  6  7  8  9 10 11 12 13 |
---------------+----------------------------------------+-----
Staves         | 3 4 5 6 8 10 11 13 14 | 14.1
Fighting       | 4 5 6 7 8 9 10 11 | 11.4
Armour         | 4 5 6 7 8 9 10 11 | 11.3
Shields        | 5 6 7 8 10 11 12 13 | 13.4

Action                     |  1- 3 |  4- 6 |  7- 9 | 10-12 | 13-15 || total
---------------------------+-------+-------+-------+-------+-------++-------
  Melee: Quarterstaff      |    91 |    78 |   601 |  1196 |   222 ||  2188
         Bardiche          |       |       |       |       |    75 ||    75
 Invoke: Serpent's Lash    |       |       |       |     7 |     7 ||    14
Ability: Lunge             |       |       |    15 |    64 |    23 ||   102
         Whirlwind         |       |       |     1 |   156 |    67 ||   224
         Wall Jump         |       |       |       |     2 |     3 ||     5
    Use: Potion            |       |       |     3 |     5 |     8 ||    16
         Scroll            |       |       |     4 |     7 |     1 ||    12
   Stab: Sleeping          |       |       |       |     6 |       ||     6
         Invisible         |       |       |       |     5 |       ||     5
 Armour: Scale mail        |    52 |    40 |   277 |    45 |       ||   414
         Steam dragon scal |       |       |       |   292 |    64 ||   356
         Plate armour      |       |       |       |       |    47 ||    47
  Dodge: Dodged            |    52 |    57 |   441 |   700 |   198 ||  1448
  Block: Buckler           |    20 |    21 |   189 |   286 |    98 ||   614

Table legend: (Time is in decaauts)
 A = Elapsed time spent in this place.
 B = Non-inter-level travel time spent in this place.
 C = Inter-level travel time spent in this place.
 D = Time resting spent in this place.
 E = Time spent auto-exploring this place.
 F = Levels seen in this place.
 G = Mean time per level.
                   A        B        C        D        E       F      G
               +--------+--------+--------+--------+--------+-----+--------+
         Total |  17083 |  16419 |    664 |   4241 |   7685 |  16 | 1067.7 |
       Dungeon |  10742 |  10079 |    663 |   1650 |   6046 |  11 |  976.5 |
        Temple |     16 |     16 |      0 |      0 |      0 |   1 |   16.0 |
          Lair |   1281 |   1281 |      0 |     89 |    947 |   1 | 1281.0 |
  Orcish Mines |   4331 |   4331 |      0 |   2244 |    680 |   2 | 2165.5 |
         Sewer |    711 |    711 |      0 |    258 |     11 |   1 |  711.0 |
               +--------+--------+--------+--------+--------+-----+--------+

Top non-repeatable levels by time:
   Orc:2: 2660 daAuts
   Orc:1: 1670 daAuts
    D:11: 1292 daAuts
     D:9: 1289 daAuts
  Lair:1: 1281 daAuts
    D:10: 1112 daAuts
     D:1: 1104 daAuts
     D:4: 1023 daAuts
     D:7: 1009 daAuts
     D:6: 1006 daAuts
     D:2: 842 daAuts
     D:5: 754 daAuts
     D:8: 751 daAuts
   Sewer: 711 daAuts
     D:3: 554 daAuts
